AoeStats
← skeezerrr

Nomad

508908076Analyzed
3v3 RM · 9d ago on Sep 24, 2026· 40m 47s· 6 players
Game mode
Random Map
Map size
210×210
Population
200
Speed
Normal
Resources
Standard
Victory
Conquest
Starting age
Dark Age
Ending age
Imperial Age
RankedLock teamsTeams togetherTeam positionsShared explorationLock speedFull tech treeHidden civsTurbo modeCheats
Victory
Defeat
1294
+8
🇬🇧 Persians · United Kingdom
1217
+10
🇬🇧 Vietnamese · United Kingdom
1199
+11
🇬🇧 Saxons · United Kingdom
1141
-12
🇬🇧 Spanish · United Kingdom
1074
-9
🇩🇪 Teutons · Germany
1047
-8
Wololo
5:14 Loom
13:32 Feudal Age
22:54 Castle Age
21:40 Double-Bit Axe
24:01 Medium Warships
25:28 Bow Saw
25:00 Horse Collar
30:34 Fletching
35:36 Scale Mail Armor
35:48 Forging
38:01 Pikeman
Lampy
11:11 Loom
13:27 Feudal Age
18:06 Castle Age
17:39 Fishing Lines
25:38 Fletching
28:58 Wheelbarrow
31:32 Horse Collar
32:41 Gillnets
32:53 Double-Bit Axe
35:08 Bodkin Arrow
35:46 Bow Saw
36:32 Murder Holes
40:52 Imperial Age
40:10 Hand Cart
Lifeofberthold
17:32 Feudal Age
23:02 Castle Age
20:57 Horse Collar
23:05 Double-Bit Axe
27:24 Scale Barding Armor
29:37 Heavy Plow
30:51 Bow Saw
30:55 Forging
34:58 Wheelbarrow
39:42 Imperial Age
37:22 Stone Mining
37:23 Gold Mining
37:38 Scale Mail Armor
39:02 Hand Cart
38:22 Pikeman
39:03 Squires
38:53 Arson
40:50 Chain Mail Armor
KiFQiT - Joseph Vissarionovitch
3:54 Loom
13:31 Feudal Age
18:36 Castle Age
17:49 Horse Collar
20:19 Heavy Plow
27:36 Wheelbarrow
27:23 Gold Mining
28:01 Padded Archer Armor
28:06 Scale Barding Armor
29:18 Hand Cart
29:15 Forging
30:55 Gold Shaft Mining
30:42 Bloodlines
31:45 Husbandry
33:24 Chain Barding Armor
34:19 Iron Casting
skeezerrr
6:04 Loom
14:21 Feudal Age
15:49 Wheelbarrow
15:00 Double-Bit Axe
22:40 Castle Age
21:02 Stone Mining
22:24 Fletching
22:52 Gold Mining
23:28 Town Watch
24:16 Elite Skirmisher
29:44 Padded Archer Armor
31:06 Bodkin Arrow
31:27 Leather Archer Armor
33:42 Pikeman
34:23 Squires
38:50 Horse Collar
Husain Bolt
16:08 Feudal Age
16:30 Double-Bit Axe
18:36 Loom
21:21 Castle Age
20:00 Bloodlines
19:52 Horse Collar
23:01 Stone Mining
23:26 Fletching
24:24 Gold Mining
33:19 Bow Saw
35:51 Wheelbarrow
38:51 Scale Barding Armor
40:50 Forging
Connection lost

Rejoining the realm…

Still unreachable

The connection could not be restored.

Session expired

The server has moved on; the page needs a fresh start.